 Dungeon Crawl Stone Soup version 0.29-a0-214-g17f627cfee (webtiles) character file.

Game seed: 11278963358007798679

642 mcwallace the Caller (level 7, 0/41 HPs)
             Began as a Tengu Summoner on Feb 24, 2022.
             Was an Initiate of Cheibriados.
             Slain by Menkaure (17 damage)
             ... on level 4 of the Dungeon.
             The game lasted 00:13:28 (4609 turns).

mcwallace the Caller (Tengu Summoner)               Turns: 4609, Time: 00:13:28

Health: 0/41       AC:  8    Str:  9    XL:     7   Next: 51%
Magic:  6/13       EV: 16    Int: 22    God:    Cheibriados [......]
Gold:   264        SH:  0    Dex: 17    Spells: 9/13 levels left

rFire   . . .      SeeInvis +   F - +6 dagger of Poverty {drain, Int+3 Dex+2, short}
rCold   + . .      Faith    .   (no shield)
rNeg    + . .      Spirit   .   V - +3 leather armour {rN+}
rPois   .          Reflect  .   (helmet restricted)
rElec   .          Harm     .   R - +0 cloak
rCorr   .          Rampage  .   E - +0 pair of gloves
Will    .....                   (boots unavailable)
Stlth   ++........              (no amulet)
HPRegen 0.13/turn               n - ring of protection from cold
MPRegen 0.13/turn               I - ring of see invisible

@: flying quickly and evasively, very slow
A: beak, talons 3, nimble flight
a: Renounce Religion


You were on level 4 of the Dungeon.
You worshipped Cheibriados.
Cheibriados was noncommittal.
You visited 2 branches of the dungeon, and saw 5 of its levels.

You collected 264 gold pieces.


Innate Abilities, Weirdness & Mutations

You have a beak for a mouth.
You have claws for feet.
Your magical nature lets you fly swiftly and evasively.


   Skills:
 + Level 3.2 Fighting
 + Level 3.4 Armour
 + Level 4.3 Dodging
 - Level 2.0 Stealth
 + Level 3.7 Spellcasting
 + Level 6.4 Summonings


You had 9 spell levels left.
You knew the following spells:

 Your Spells              Type           Power      Damage    Failure   Level
a - Summon Small Mammal   Summ           100%       N/A       1%          1
b - Call Canine Familiar  Summ           32%        N/A       3%          3

Your spell library contained the following spells:

 Spells                   Type           Power      Damage    Failure   Level
 Call Imp                 Summ           32%        N/A       1%          2
 Summon Guardian Golem    Hex/Summ       18%        N/A       13%         3
 Pain                     Necr           16%        1d4       16%         1
 Ensorcelled Hibernation  Hex/Ice        8%         N/A       24%         2
 Passwall                 Tmut/Erth      3%         N/A       24%         2
 Summon Lightning Spire   Summ/Air       18%        N/A       38%         4
 Inner Flame              Hex/Fire       4%         N/A       43%         3
 Swiftness                Air            4%         N/A       43%         3
 Cause Fear               Hex            2%         N/A       83%         4
 Agony                    Necr           4%         N/A       99%         5
 Excruciating Wounds      Necr           2%         N/A       99%         5
 Discord                  Hex            2%         N/A       100%        8

Inventory:

Hand Weapons
 b - a +0 hunting sling {sling}
   (You found it on level 1 of the Dungeon)
 c - a +0 dagger {short}
   (You found it on level 1 of the Dungeon)
 f - a +0 trident {polearm}
   (You found it on level 3 of the Dungeon)
 z - a +1 dagger of flaming {short}
   (You found it on level 2 of the Dungeon)
 F - the +6 dagger of Poverty (weapon) {drain, Int+3 Dex+2, short}
   (You found it on level 3 of the Dungeon)

   A truly terrible weapon, it drains the life of any living foe it strikes.
   Int:       It affects your intelligence (+3).
   Dex:       It affects your dexterity (+2).
Missiles
 h - 8 poisoned darts {throwing}
 l - 30 stones {throwing}
 u - 3 boomerangs {throwing}
Armour
 a - a +0 robe
 e - a +0 ring mail
   (You found it on level 1 of the Dungeon)
 r - a +0 ring mail
   (You found it on level 2 of the Dungeon)
 s - a +0 leather armour
   (You found it on level 2 of the Dungeon)
 t - a +0 ring mail
   (You found it on level 2 of the Dungeon)
 v - a +0 leather armour
   (You found it on level 2 of the Dungeon)
 w - a +0 robe
   (You took it off an orc wizard on level 4 of the Dungeon)
 x - a +0 robe
   (You found it on level 2 of the Dungeon)
 y - a +0 chain mail
   (You found it on level 2 of the Dungeon)
 C - a +0 plate armour
   (You found it on level 3 of the Dungeon)
 E - a +0 pair of gloves (worn)
   (You found it on level 3 of the Dungeon)
 H - a +0 ring mail
   (You found it on level 3 of the Dungeon)
 M - a +0 leather armour
   (You found it on level 4 of the Dungeon)
 N - a +0 robe
   (You took it off an orc wizard on level 4 of the Dungeon)
 O - a +0 robe
   (You found it on level 4 of the Dungeon)
 P - a +0 robe
   (You took it off Sigmund on level 4 of the Dungeon)
 R - a +0 cloak (worn)
   (You found it on level 4 of the Dungeon)
 T - a +0 ring mail
   (You took it off an orc on level 4 of the Dungeon)
 U - a +0 robe
   (You took it off an orc wizard on level 4 of the Dungeon)
 V - a +3 leather armour of positive energy (worn)
   (You took it off Ijyb on level 4 of the Dungeon)
Magical Staves
 g - a staff of death {!astaff}
   (You found it on level 1 of the Dungeon)
Jewellery
 n - a ring of protection from cold (left hand)
   (You found it on level 1 of the Dungeon)
 I - a ring of see invisible (right hand)
   (You found it on level 3 of the Dungeon)
 L - a ring of willpower
   (You found it on level 4 of the Dungeon)
Wands
 W - a wand of charming (8)
   (You took it off Ijyb on level 4 of the Dungeon)
Scrolls
 d - a scroll of identify {unknown}
 m - a scroll of brand weapon {unknown}
 o - 4 scrolls of teleportation {@r4}
 B - 2 scrolls of amnesia {unknown}
 D - a scroll of fog {unknown}
 J - a scroll of immolation {unknown}
 K - a scroll of fear {unknown}
 S - a scroll of blinking {unknown}
Potions
 i - 2 potions of lignification {unknown}
 j - a potion of might {unknown}
 k - a potion of ambrosia {unknown}
 p - 2 potions of mutation {unknown}
 q - a potion of invisibility {unknown}
 A - 2 potions of attraction {unknown}
 G - a potion of curing {unknown}
 Q - a potion of degeneration {unknown}

Dungeon Overview and Level Annotations

Branches:
Dungeon (4/15)             Temple (1/1) D:4

Altars:
Ashenzari
Cheibriados
Dithmenos
Elyvilon
Fedhas
Gozag
Hepliaklqana
Kikubaaqudgha
Makhleb
Nemelex Xobeh
Okawaru
Ru
Sif Muna
Uskayaw
Xom
Zin

Shops:
D:3 (

Portals:
Abyss: D:4

Annotations:
D:4 2 transporters, Menkaure; ReploidZero's ghost, amateur VSFi

#######.# #..
#.########.#
#.....# #.#
#####.# #.# #.#
#># #.# #.# #.#
#.# ######.# #M#
#......# #@#
#.###### #.# #.#
#.# #.# #.# #.#
#.# #.# #.#
######†# #.#
.......# #.#
################.#


You could see Menkaure (fast).


Message History

😎 MP[-3]
You lost 3 mp, and now have 10/13 mp.
The quokka closely misses you.
You closely miss the quokka. You claw the quokka. Your peck misses the quokka.
The quokka closely misses you.
You closely miss the quokka. Your kick misses the quokka.
The quokka bites you. 😕 HP[-2]
You take 2 damage, and now have 39/41 hp.
You hit the quokka.
You kill the quokka!
Cheibriados thoroughly appreciates the change of pace. 😕 MP[+1]
Found a stone staircase leading down. 😎 HP[+2] MP[+2]
Your hp is fully restored (41).
Your mp is fully restored (13).
Menkaure, Prince of Dust comes into view.
Menkaure shouts!
Your hound disappears in a puff of smoke! 😎 MP[-3]
You lost 3 mp, and now have 10/13 mp.
You swap places.
Menkaure calls on the powers of darkness!
Your hound convulses!
Your body is wracked with pain! 😮 HP[-17]
You take 17 damage, and now have 24/41 hp.
MASSIVE DAMAGE!! (PAUSE)
What are your orders? t - Shout!
Orders for allies: a - Attack new target. r - Retreat! s - Stop attacking. g - Guard the area. f - Follow me.
Anything else - Cancel.
Gang up on whom?
Press: ? - help, Dir - move target, f - Menkaure
Aim: Menkaure Attack! 😮 HP[+1] Menkaure hits your hound!!
Your hound dies!
Your hound's corpse disappears in a puff of smoke!
You are too injured to fight recklessly!
Casting: Call Canine Familiar (dangerous; 3% risk of failure)
Confirm with . or Enter, or press ? or * to list all spells.
😮 MP[-2]
You lost 2 mp, and now have 8/13 mp.
What are your orders? t - Shout!
Orders for allies: a - Attack new target. p - Attack previous target. r - Retreat! s - Stop attacking. g - Guard the area. f - Follow me.
Anything else - Cancel.
Gang up on whom?
Press: ? - help, Dir - move target, f/p - Menkaure
Aim: Menkaure (ally target) Attack!
Your hound bites Menkaure but does no damage.
Menkaure misses your hound.
Your hound closely misses Menkaure.
Your hound bites Menkaure.
Menkaure calls on the powers of darkness!
Your hound convulses!
Your body is wracked with pain!
* * * LOW HITPOINT WARNING * * *
Your hound bites Menkaure but does no damage. 😨 HP[-10]
You take 10 damage, and now have 15/41 hp.
MASSIVE DAMAGE!! (PAUSE)
Your hound barely misses Menkaure.
Menkaure hits your hound!!
Your hound dies!
Your hound's corpse disappears in a puff of smoke! 😨 HP[+1] Unknown command.
Casting: Call Canine Familiar (dangerous; 3% risk of failure)
Confirm with . or Enter, or press ? or * to list all spells.
Menkaure casts a spell.
Menkaure seems to speed up. 😨 MP[-3]
You lost 3 mp, and now have 5/13 mp.
Menkaure barely misses your hound.
Your hound bites Menkaure. 😨 MP[+1]
Your hound closely misses Menkaure.
Menkaure casts a spell at you.
Your hound writhes in agony.
Your hound bites Menkaure.
Menkaure closely misses your hound.
Your hound barely misses Menkaure.
Menkaure barely misses your hound.
Your hound bites Menkaure but does no damage.
Menkaure breathes soot at you. Menkaure closely misses your hound.
Your hound bites Menkaure but does no damage.
Your hound bites Menkaure.
Menkaure's ankle releases a plume of dust as he confides, "I'm not really a mummy, you know."
Menkaure closely misses your hound.
Your hound pauses to sniff the ground.
Your hound bites Menkaure.
Menkaure hits your hound!!
Your hound dies!
Your hound's corpse disappears in a puff of smoke!
Menkaure shouts!
Menkaure hits you!
You die...

Skill      XL: |  1  2  3  4  5  6 |
---------------+-------------------+-----
Summonings     | 5 6 |  6.4
Armour         | 1 2 3 |  3.4
Fighting       | 1 2 3 |  3.2
Dodging        | 3 4 |  4.3
Spellcasting   | 3 |  3.7
Stealth        | |  2.0

Action                   |  1- 3 |  4- 6 |  7- 9 || total
-------------------------+-------+-------+-------++-------
Melee: Dagger            |    35 |    33 |    21 ||    89
       Kick              |     5 |     7 |     8 ||    20
       Peck              |     6 |     8 |     3 ||    17
       Punch             |       |       |     1 ||     1
 Cast: Summon Small Mamm |    37 |     4 |     1 ||    42
       Call Canine Famil |     2 |    32 |    14 ||    48
  Use: Scroll            |       |     1 |       ||     1
 Stab: Sleeping          |       |     1 |       ||     1
Armor: Robe              |    31 |     4 |     3 ||    38
Dodge: Dodged            |    37 |    20 |    34 ||    91

Levels and vault maps discovered:
D:1:      heliophobic_arrival_enchanted_forest, layout_basic
D:2:      layout_rooms, hellmonk_ecumenical_altar_arch_garden, serial_undead,
          serial_undead_b, serial_undead_f, serial_undead_d, serial_undead_f,
          serial_undead_b, serial_undead_e, serial_undead_a, serial_undead_f,
          uniq_natasha
D:3:      layout_rooms, serial_shops, shop_statue
D:4:      layout_loops_ring, minmay_temple_entry_junction_2,
          gammafunk_ghost_abyssal_escape, uniq_menkaure, uniq_sigmund, uniq_ijyb
Temple:   eino_temple_rhombus

Notes
Turn   | Place    | Note
-------+----------+-------------------------------------------
     0 | D:1      | mcwallace the Tengu Summoner began the quest for the Orb.
     0 | D:1      | Reached XP level 1. HP: 10/10 MP: 4/4
     0 | D:1      | magus.rc [v1.9.6]
   307 | D:1      | Reached XP level 2. HP: 16/16 MP: 3/6
   356 | D:1      | Reached skill level 5 in Summonings
   614 | D:1      | You pick up a book of Burglary and begin reading...
   614 | D:1      | You add the spells Passwall, Ensorcelled Hibernation and
                  | Swiftness to your library.
   678 | D:1      | Reached skill level 1 in Armour
   687 | D:1      | Reached XP level 3. HP: 12/20 MP: 7/7
   813 | D:1      | You pick up a book of Hexes and begin reading...
   813 | D:1      | You add the spells Inner Flame, Cause Fear and Discord to
                  | your library.
   913 | D:1      | Learned a level 3 spell: Call Canine Familiar
  1155 | D:1      | Reached skill level 1 in Fighting
  1289 | D:2      | Noticed Natasha
  1586 | D:2      | Reached XP level 4. HP: 25/25 MP: 5/8
  1596 | D:2      | Killed Natasha
  1646 | D:2      | Reached skill level 3 in Dodging
  1849 | D:2      | You pick up a book of Pain and begin reading...
  1849 | D:2      | You add the spells Pain, Agony and Excruciating Wounds to
                  | your library.
  1919 | D:2      | Identified the +0 falchion "Meiqe" {chaos, rN+ rCorr
                  | Stlth-}
  1980 | D:2      | Found a faded altar of an unknown god.
  1987 | D:2      | Gained mutation: Your magical nature lets you fly swiftly
                  | and evasively. [Tengu growth]
  1987 | D:2      | Reached XP level 5. HP: 29/30 MP: 7/10
  2004 | D:2      | Reached skill level 2 in Armour
  2437 | D:3      | Identified the +6 dagger of Poverty {drain, Int+3 Dex+2}
  2577 | D:3      | Reached skill level 2 in Fighting
  2640 | D:3      | Found Datus's Weapon Boutique.
  3002 | D:4      | Noticed a necrophage
  3036 | D:3      | Killed a necrophage
  3037 | D:3      | Reached skill level 3 in Spellcasting
  3037 | D:3      | Reached XP level 6. HP: 36/36 MP: 1/11
  3226 | D:4      | Found a transporter.
  3253 | D:4      | Found a transporter.
  3270 | D:4      | Found a one-way gate to the infinite horrors of the Abyss.
  3270 | D:4      | Noticed ReploidZero's ghost (amateur VSFi)
  3291 | D:4      | Noticed a small abomination
  3449 | D:4      | Noticed Sigmund
  3480 | D:4      | Killed Sigmund
  3481 | D:4      | Reached skill level 3 in Fighting
  3481 | D:4      | Reached skill level 3 in Armour
  3481 | D:4      | Reached skill level 4 in Dodging
  3481 | D:4      | Reached skill level 6 in Summonings
  3481 | D:4      | Reached XP level 7. HP: 41/41 MP: 2/13
  3565 | D:4      | Found a staircase to the Ecumenical Temple.
  3574 | Temple   | Entered the Ecumenical Temple
  3763 | Temple   | Became a worshipper of Cheibriados the Contemplative
  4337 | D:4      | Noticed Ijyb
  4375 | D:4      | Killed Ijyb
  4589 | D:4      | Noticed Menkaure
  4609 | D:4      | Slain by Menkaure

Vanquished Creatures
  A centaur skeleton (D:4)
  An orc priest (D:4)
  Ijyb (D:4)
  Natasha (D:2)
  2 adders
  A white imp (D:4)
  2 adder skeletons (D:2)
  A worm (D:2)
  2 dart slugs
  A ball python (D:1)
  A bat zombie (D:2)
  3 endoplasms
  A giant cockroach (D:2)
  A goblin (D:2)
  5 hobgoblins
  2 jackals (D:1)
  A kobold (D:4)
  5 quokkas
  A ball python zombie (D:2)
  2 bats (D:2)
35 creatures vanquished.

Vanquished Creatures (collateral kills)
  Sigmund (D:4)
  A necrophage (D:3)
  An orc priest (D:4)
  3 orc wizards (D:4)
  5 adders
  A worm (D:4)
  A dart slug (D:3)
  4 orcs (D:4)
  3 bats
  A bat skeleton (D:2)
  3 bat zombies (D:2)
  3 endoplasms
  2 giant cockroaches
  2 goblins
  4 hobgoblins
  10 jackals
  4 kobolds
  A quokka (D:3)
  5 ball pythons
  2 ball python skeletons (D:2)
  2 ball python zombies (D:2)
  A frilled lizard (D:2)
  A jackal skeleton (D:2)
  A quokka zombie (D:2)
  5 rats
67 creatures vanquished.

Vanquished Creatures (others)
  3 withered plants (D:2)
3 creatures vanquished.

Grand Total: 105 creatures vanquished

Table legend:
 A = Non-vault XP
 B = Vault XP
 C = Vault XP percentage of total XP
 D = Non-vault monster count
 E = Vault monster count
 F = Vault count percentage of total count
                 A         B        C        D         E       F
            +---------+---------+-------+---------+---------+-------
      Total |     597 |     321 |  35.0 |      85 |      17 |  16.7
            +---------+---------+-------+---------+---------+-------
        D:1 |      45 |       0 |   0.0 |      24 |       0 |   0.0
        D:2 |      81 |      62 |  43.4 |      19 |      15 |  44.1
        D:3 |     188 |       0 |   0.0 |      23 |       0 |   0.0
        D:4 |     283 |     259 |  47.8 |      19 |       2 |   9.5
            +---------+---------+-------+---------+---------+-------

Illustrated notes

Table legend:
 A = Kills in this place as a percentage of kills in entire the game.
 B = Kills by you in this place as a percentage of kills by you in the entire game.
 C = Kills by friends in this place as a percentage of kills by friends in the entire game.
 D = Other kills in this place as a percentage of other kills in the entire game.
 E = Experience gained in this place as a percentage of experience gained in the entire game.
 F = Experience gained in this place divided by the number of levels of this place that you have seen.
                   A       B       C       D       E      F
               +-------+-------+-------+-------+-------+----------------------
         Total | 100.0 | 100.0 | 100.0 |   N/A | 100.0 | 183.6
       Dungeon | 100.0 | 100.0 | 100.0 |   N/A | 100.0 | 229.5
               +-------+-------+-------+-------+-------+----------------------

Table legend: (Time is in decaauts)
 A = Elapsed time spent in this place.
 B = Non-inter-level travel time spent in this place.
 C = Inter-level travel time spent in this place.
 D = Time resting spent in this place.
 E = Time spent auto-exploring this place.
 F = Levels seen in this place.
 G = Mean time per level.
                   A        B        C        D        E       F      G
               +--------+--------+--------+--------+--------+-----+--------+
         Total |   4592 |   4500 |     92 |    328 |   3093 |   5 |  918.4 |
       Dungeon |   4414 |   4343 |     71 |    328 |   2949 |   4 | 1103.5 |
        Temple |    177 |    157 |     20 |      0 |    144 |   1 |  177.0 |
               +--------+--------+--------+--------+--------+-----+--------+

Top non-repeatable levels by time:
     D:1: 1440 daAuts
     D:4: 1301 daAuts
     D:3: 894 daAuts
     D:2: 778 daAuts
  Temple: 177 daAuts
